 Dungeon Crawl Stone Soup version 0.18.1-48-g4cf74bf (webtiles) character file.

121 Heedrag the Conjurer (level 4, 0/24 HPs)
             Began as a Deep Elf Conjurer on Aug 7, 2016.
             Succumbed to an orc's poison
             ... on level 3 of the Dungeon.
             The game lasted 00:05:55 (1996 turns).

Heedrag the Conjurer (Deep Elf Conjurer)            Turns: 1996, Time: 00:05:56

Health: 0/24       AC:  4    Str:  4 (6)  XL:     4   Next: 77%
Magic:  2/12       EV: 13    Int: 17 (20) God:
Gold:   106        SH:  0    Dex: 17 (20) Spells: 2 memorised, 8 levels left

rFire  + . .     SeeInvis .     k - +0 dagger
rCold  . . .     Gourm    .     a - +0 robe
rNeg   . . .     Faith    .     (no shield)
rPois  .         Spirit   .     t - +0 helmet (curse)
rElec  .         Dismiss  +     m - +0 cloak
rCorr  .         Reflect  .     s - -1 pair of gloves (curse)
SustAt .         Harm     .     (no boots)
MR     .....                    l - amulet of dismissal
Stlth  ++........               r - +5 ring of dexterity
                                h - ring of protection from fire

@: lethally poisoned (0 -> -3), flying (expiring), not resistant to hostile
enchantments, unstealthy
A: no striking features
a: no special abilities


You were on level 3 of the Dungeon.
You were not hungry.

You visited 1 branch of the dungeon, and saw 3 of its levels.

You collected 106 gold pieces.

Inventory:

Hand Weapons
 k - a +0 dagger (weapon)
Armour
 a - a +0 robe (worn)
 m - a +0 cloak (worn)
 s - a cursed -1 pair of gloves (worn)
 t - a cursed +0 helmet (worn)
Jewellery
 h - a ring of protection from fire (left hand)
 l - an amulet of dismissal (around neck)
 r - a +5 ring of dexterity (right hand)
Scrolls
 e - a scroll of magic mapping {unknown}
 g - a scroll of remove curse {unknown}
 i - 2 scrolls of teleportation {unknown}
 n - a scroll of random uselessness {unknown}
 o - 2 scrolls of identify {unknown}
 v - a scroll of fear {unknown}
 w - a scroll of enchant armour {unknown}
Potions
 f - 2 potions of flight
 u - a potion of degeneration
Books
 b - a book of Conjurations

   Spells                             Type                      Level
   a - Magic Dart                     Conjuration                  1
   b - Searing Ray                    Conjuration                  2
   c - Dazzling Spray                 Conjuration/Hexes            3
   d - Fulminant Prism                Conjuration/Hexes            4
   e - Iskenderun's Mystic Blast      Conjuration                  4
   f - Iskenderun's Battlesphere      Conjuration/Charms           5
Comestibles
 c - 3 bread rations
 d - 2 slices of pizza
 j - 2 fruits
 p - 2 meat rations
 q - 2 chunks of flesh


   Skills:
 - Level 2.4 Dodging
 - Level 2.4 Stealth
 + Level 4.6 Spellcasting
 * Level 6.0 Conjurations


You had 8 spell levels left.
You knew the following spells:

 Your Spells              Type           Power        Failure   Level  Hunger
a - Magic Dart            Conj           ###.         1%          1    None
b - Dazzling Spray        Conj/Hex       ##....       14%         3    ###....


Dungeon Overview and Level Annotations

Branches:
Dungeon (3/15)

Altars:

Annotations:
D:3 Robin


Message History

Press: ? - help, v - describe, . - travel, g - get item A trident o' venom.
Thar be somethin' else lyin' underneath.
Tha floor, spatt'red wit' blood.
Ye butcher tha orc corpse.
* * * LOW HITPOINT WARNIN'
* * * Ye feel sick.
Items 'ere: % ) [ ÷ a trident o' venom; a chain mail; 2 chunks o' flesh; an orc skeleton Thar ain't anythin' ta butcher 'ere.
* * * LOW HITPOINT WARNIN'
* * * Ye feel sick.
* * * LOW HITPOINT WARNIN'
* * * Ye feel sick.
* * * LOW HITPOINT WARNIN'
* * * Ye feel sick.
* * * LOW HITPOINT WARNIN'
* * * Ye feel sick.
Ye be startin' ta lose yer buoyancy.
Ye die...

....###(##.####
...........####
....###.#####.. .) #.#
#.# #.# #.# # #†# #.# .#
#.# #.# ###.#
#.#####.###...#
#........@.<#
###................
########...##########....
...........# ..
########...# #####


There were no monsters in sight!

Vanquished Creatures
  3 adders
  An ooze (D:1)
  2 worms (D:2)
  3 dart slugs
  A giant gecko (D:2)
  An orc (D:3)
  9 bats
  2 giant cockroaches
  15 goblins
  11 hobgoblins
  4 jackals
  A quokka (D:2)
  A ball python (D:2)
  4 giant newts
  7 kobolds
  5 rats
70 creatures vanquished.

Notes
Turn   | Place    | Note
--------------------------------------------------------------
     0 | D:1      | Heedrag the Deep Elf Conjurer began the quest for the Orb.
     0 | D:1      | Reached XP level 1. HP: 10/10 MP: 6/6
   179 | D:1      | Reached XP level 2. HP: 15/15 MP: 0/8
   404 | D:1      | Reached skill level 5 in Conjurations
   640 | D:1      | Reached XP level 3. HP: 19/19 MP: 7/10
   646 | D:1      | Learned a level 3 spell: Dazzling Spray
  1308 | D:2      | Found a faded altar to an unknown god.
  1435 | D:2      | Reached XP level 4. HP: 24/24 MP: 9/12
  1782 | D:3      | Noticed Robin
  1949 | D:3      | Reached skill level 6 in Conjurations
  1990 | D:3      | HP: 1/24 [poisoned by an orc]
  1996 | D:3      | Succumbed to an orc's poison

Skill      XL: |  1  2  3  4 |
---------------+-------------+-----
Conjurations   | 5 6 |  6.0
Spellcasting   | 4 |  4.6
Dodging        | |  2.4
Stealth        | |  2.4

Action                   |  1- 3 |  4- 6 || total
-------------------------+-------+-------++-------
Melee: Unarmed           |    24 |       ||    24
       Dagger            |     1 |       ||     1
 Cast: Magic Dart        |    88 |    61 ||   149
  Use: Potion            |       |     2 ||     2
  Eat: Chunk             |     1 |     2 ||     3
Armor: Robe              |     7 |     4 ||    11
Dodge: Dodged            |    24 |     8 ||    32
